 Dungeon Crawl Stone Soup version 0.23.2-1-ga50397a6bc (webtiles) character file.

Game seed: 9291265937695356228

245 LabCoat the Chopper (level 6, -3/53 HPs)
             Began as a Hill Orc Fighter on May 23, 2019.
             Slain by a gnoll
             ... wielding a +0 spear
              (6 damage)
             ... on level 3 of the Dungeon.
             The game lasted 00:07:35 (2140 turns).

LabCoat the Chopper (Hill Orc Fighter)              Turns: 2140, Time: 00:07:36

Health: -3/53      AC: 10    Str: 20    XL:     6   Next: 10%
Magic:  6/6        EV:  7    Int:  8    God:
Gold:   119        SH:  9    Dex: 11    Spells: 5/5 levels left

rFire    . . .     SeeInvis .   a - +1 war axe
rCold    . . .     Gourm    .   c - +0 shield
rNeg     . . .     Faith    .   b - +0 scale mail
rPois    .         Spirit   .   (no helmet)
rElec    .         Reflect  .   g - +2 cloak
rCorr    .         Harm     .   (no gloves)
MR       +....                  (no boots)
Stlth    ..........             (no amulet)
HPRegen  0.17/turn              j - ring of protection from magic
MPRegen  0.10/turn              (no ring)

@: lethally poisoned (-3 -> -5)
A: no striking features
a: no special abilities


You were on level 3 of the Dungeon.
You were not hungry.

You visited 1 branch of the dungeon, and saw 3 of its levels.

You collected 119 gold pieces.

Inventory:

Hand Weapons
 a - a +1 war axe (weapon)
 e - a +0 mace
Armour
 b - a +0 scale mail (worn)
 c - a +0 shield (worn)
 g - a +2 cloak (worn)
Jewellery
 j - a ring of protection from magic (left hand)
Scrolls
 m - a scroll of remove curse
Potions
 d - a potion of might
 h - a potion of degeneration {unknown}
 i - a potion of agility {unknown}
 k - 2 potions of ambrosia
Comestibles
 f - 2 rations


   Skills:
 + Level 4.3 Fighting
 * Level 6.3 Axes
 + Level 4.1 Armour
 + Level 4.2 Shields


You had 5 spell levels left.
You didn't know any spells.
Your spell library was empty.

Dungeon Overview and Level Annotations

Branches:
Dungeon (3/15)

Altars:
Elyvilon
Zin
The Shining One


Message History

* * * LOW HITPOINT WARNING * * *
You block the gnoll's attack.
You see here a poisoned needle.
You hit the gnoll.
The gnoll is lightly wounded.
You closely miss the gnoll. The gnoll hits you with a +0 spear.
* * * LOW HITPOINT WARNING * * *
The gnoll hits you but does no damage.
You closely miss the gnoll.
The gnoll is lightly wounded.
You hit the gnoll.
You feel sick. The gnoll barely misses you. You block the gnoll's attack.
The gnoll hits you with a +0 spear.
* * * LOW HITPOINT WARNING * * *
You hit the gnoll.
The gnoll is moderately wounded.
You closely miss the gnoll. The gnoll closely misses you.
The gnoll hits you with a +0 spear.
* * * LOW HITPOINT WARNING * * *
The gnoll hits you with a +0 spear.
You die...

# ##.#### . #. ..... .r .#
#...# ... .###...# ...
rg#...# .. #.#...##.#
#.##[#.g.##.##...
#.....Kg@(.....#
####)#.####.####
#?......###.#####
#.##.#..#.......# ### #
#.#..#.#.###.###.##
#.........##.##.#.####
..........##.............
.....###.#.#####.##.#.####
..... ...#.# #.###.##


You could see 2 gnolls and a kobold.

Vanquished Creatures
  Sigmund (D:2)
  Crazy Yiuf (D:2)
  2 gnolls (D:3)
  A dart slug (D:1)
  2 leopard geckos
  A giant cockroach (D:1)
  5 goblins
  5 hobgoblins
  3 jackals (D:1)
  5 kobolds
  A quokka (D:2)
  A ball python (D:2)
  6 bats
  2 frilled lizards (D:1)
  5 rats
41 creatures vanquished.

Notes
Turn   | Place    | Note
-------+----------+-------------------------------------------
     0 | D:1      | LabCoat the Hill Orc Fighter began the quest for the Orb.
     0 | D:1      | Reached XP level 1. HP: 19/19 MP: 1/1
    63 | D:1      | Reached skill level 3 in Axes
    63 | D:1      | Reached XP level 2. HP: 13/27 MP: 2/2
   576 | D:1      | Reached XP level 3. HP: 32/33 MP: 3/3
  1153 | D:2      | Found a glowing silver altar of Zin.
  1182 | D:2      | Noticed Sigmund
  1205 | D:2      | Killed Sigmund
  1205 | D:2      | Reached skill level 5 in Axes
  1205 | D:2      | Reached XP level 4. HP: 12/40 MP: 4/4
  1205 | D:2      | Reached XP level 5. HP: 14/46 MP: 5/5
  1448 | D:2      | Found a glowing golden altar of the Shining One.
  1536 | D:2      | Found a white marble altar of Elyvilon.
  1842 | D:2      | Found a runed translucent door.
  1843 | D:2      | Noticed Crazy Yiuf
  1853 | D:2      | Killed Crazy Yiuf
  1853 | D:2      | Reached skill level 6 in Axes
  2095 | D:3      | Reached XP level 6. HP: 49/52 MP: 6/6
  2140 | D:3      | Slain by a gnoll

Skill      XL: |  1  2  3  4  5 |
---------------+----------------+-----
Axes           | 3 5 6 |  6.3
Fighting       | 4 |  4.3
Armour         | 4 |  4.1
Shields        | 4 |  4.2

Action                   |  1- 3 |  4- 6 || total
-------------------------+-------+-------++-------
Melee: War axe           |   122 |    46 ||   168
  Use: Scroll            |     5 |     1 ||     6
       Potion            |       |     1 ||     1
  Eat: Chunk             |     1 |       ||     1
       Ration            |       |     1 ||     1
Armor: Scale mail        |    59 |    24 ||    83
Dodge: Dodged            |    40 |    14 ||    54
Block: Shield            |    62 |    40 ||   102
